Map: Cactus Valley LE (Void)

Players

fab - Winner!

  • Race: Terran Terran
  • League: Diamond
  • Spawn Location: 1:00

Musumeci

  • Race: Zerg Zerg
  • League: Diamond
  • Spawn Location: 5:00

VOD

Have the link to the VOD?

Description

Time

  • Played on: Feb. 11, 2017, 2:20 p.m.
  • Length: 3:30
Show
View Real Time Build Order
Export as new Build Order

fab Terran - Winner!

Build Orders:  

Get SALT Encoding   

  12  0:00  SCV  
  13  0:13  SCV  
  14  0:19  Supply Depot  
  14  0:26  SCV  
  15  0:35  Refinery  
  15  0:41  SCV  
  16  0:47  Barracks  
  16  0:53  SCV  
  17  1:05  SCV  
  18  1:17  SCV  
  19  1:33  Orbital Command  
  19  1:37  Marine  
  20  1:43  Factory  
  20  1:52  Supply Depot  
  20  1:57  Barracks Reactor  
  20  2:00  SCV  
  21  2:13  SCV  
  22  2:22  Command Center  
  22  2:25  SCV  
  23  2:37  SCV  
  24  2:44  Hellion x2  
  24  2:49  SCV  
  29  2:51  Barracks Tech Lab  
  29  3:01  SCV  
  30  3:07  Starport  
  30  3:13  SCV  
Show
View Real Time Build Order
Export as new Build Order

Musumeci Zerg 

Build Orders: Pool First 

Get SALT Encoding   

  12  0:08  Drone  
  12  0:09  Drone  
  14  0:18  Extractor  
  14  0:19  Drone  
  15  0:34  Spawning Pool  
  14  0:41  Drone, Extractor  
  15  0:45  Overlord  
  15  1:32  Zergling x6  
  18  1:41  Hatchery  
  16  2:02  Evolution Chamber  
  16  2:04  Zergling x6  
  18  2:17  Zergling x2  
  19  2:32  Hatchery  
  19  2:36  Extractor  
  17  2:37  Drone  
  17  2:38  Drone  
  18  2:56  Zergling x2  
Tags
 
Add a new tag
Caveats
  • Supply blocks, unpowered buildings, or Contaminate may cause inaccurate times.
  • Supply counts are checked every 10 seconds.